Workbook
Name _Fill: #REF!
Name DAVID: #REF!
Name major: #REF!
Name TRANSFER: #REF!

Sheet COVER PAGE
A5: BILLS OF QUANTITIES
A8: FOR
A10: LEGAL AID OFFICE REFURBISHMENT
A13: FOR
A16: LEGAL AID
A18: AT
A20: 1 UITENHAGE ROAD, GQEBERHA
A39: MAY 2026

Sheet 1 - Ps & Gs
A1: ITEM NO | B1: DESCRIPTION | C1: UNIT | D1: QUANTITY | E1: RATE | F1: AMOUNT
B2: SECTION NO.1: PRELIMINARIES AND GENERAL
B4: PRELIMINARIES AND GENERAL
B6: SECTION A: PRINCIPAL BUILDING AGREEMENT
B8: Definitions (A1)
A10: 1 | B10: Definitions and interpretation (clause 1)F:............................. V:............................ T:............................ | C10: Item | D10: 1
B13: Objective and Preparation (A2)
A15: 2 | B15: Offer acceptance and performance (clause 2)F:............................. V:............................ T:............................ | C15: Item | D15: 1 | F15: =D15*E15 -> 0
A17: 3 | B17: Documents (clause 3)F:............................. V:............................ T:............................ | C17: Item | D17: 1 | F17: =D17*E17 -> 0
A20: 4 | B20: Design responsibility (clause 4)F:............................. V:............................ T:............................ | C20: Item | D20: 1 | F20: =D20*E20 -> 0
A22: 5 | B22: Employer's agents (clause 5)F:............................. V:............................ T:............................ | C22: Item | D22: 1 | F22: =D22*E22 -> 0
A24: 6 | B24: Contractor's Site representative (clause 6) F:............................. V:............................ T:............................ | C24: Item | D24: 1 | F24: =D24*E24 -> 0
A26: 7 | B26: Compliance with Laws and Regulations (clause 7) F:............................. V:............................ T:............................ | C26: Item | D26: 1 | F26: =D26*E26 -> 0
A29: 8 | B29: Works risk (clause 8)F:............................. V:............................ T:............................ | C29: Item | D29: 1 | F29: =D29*E29 -> 0
A31: 9 | B31: Indemnities (clause 9)F:............................. V:............................ T:............................ | C31: Item | D31: 1 | F31: =D31*E31 -> 0
A33: 10 | B33: Works insurances (clause 10) F:............................. V:............................ T:............................ | C33: Item | D33: 1
A35: 11 | B35: Liability insurances (clause 11) F:............................. V:............................ T:............................ | C35: Item | D35: 1
A37: 12 | B37: Effecting insurance (clause 12)F:............................. V:............................ T:............................ | C37: Item | D37: 1
A39: 13 | B39: NO CLAUSE F:............................. V:............................ T:............................ | C39: Item | D39: 1
A41: 14 | B41: Security (clause 14)F:............................. V:............................ T:............................ | C41: Item | D41: 1
B44: Execution (A15-A23)
A46: 15 | B46: Preparation for and execution of the works (clause 15) fixed F:............................. V:............................ T:............................ | C46: Item | D46: 1
B48: Sub-clause 15.1 is amended by replacing the words “Principal Agent” with the word “Employer”
A50: 16 | B50: Access to the works (clause 16) F:............................. V:............................ T:............................ | C50: Item | D50: 1
B52: CARRIED FORWARD | F52: =SUM(F10:F51) -> 0
B53: BROUGHT FORWARD | F53: =F52 -> 0
A55: 17 | B55: Contract instructions (clause 17)F:............................. V:............................ T:............................ | C55: Item | D55: 1
A57: 18 | B57: Setting out of the works (clause 18)F:............................. V:............................ T:............................ | C57: Item | D57: 1
A59: 19 | B59: Assignment(clause 19) F:............................. V:............................ T:............................ | C59: Item | D59: 1
A61: 20 | B61: Nominated subcontractors (clause 20)F:............................. V:............................ T:............................ | C61: Item | D61: 1
A63: 21 | B63: Selected subcontractors (clause 21)F:............................. V:............................ T:............................ | C63: Item | D63: 1
B65: Sub-clause 21.1.2 to 21.1.4 and 21.2 to 21.6 is amended by replacing it with: The contractor and Employer shall appoint a selected subcontractor in accordance with the provisions of the Scope of Work.
A67: 22 | B67: Employer's Direct Contractors (clause 22) F:..........N/A................... V:...........N/A................. T:..............N/A.............. | C67: Item | D67: 1
A69: 23 | B69: Contractor's Domestic Sub-Contractors (Clause 23) F:............................. V:............................ T:............................ | C69: Item | D69: 1
B72: Completion (A24-A30)
A74: 24 | B74: Practical completion (clause 24)F:............................. V:............................ T:............................ | C74: Item | D74: 1
A76: 25 | B76: Works completion (clause 25)F:............................. V:............................ T:............................ | C76: Item | D76: 1
A78: 26 | B78: Final completion (clause 26)F:............................. V:............................ T:............................ | C78: Item | D78: 1
A80: 27 | B80: Latent defects liability period (clause 27)F:............................. V:............................ T:............................ | C80: Item | D80: 1
A82: 28 | B82: Sectional completion (clause 28)F:............................. V:............................ T:............................ | C82: Item | D82: 1
A84: 29 | B84: Revision of date of practical completion (clause 29)F:............................. V:............................ T:............................ | C84: Item | D84: 1
A86: 30 | B86: Penalty for non-completion (clause 30)F:............................. V:............................ T:............................ | C86: Item | D86: 1
B88: Sub-clause 30.1 is amended by replacing the reference to sub-clause "36.3" with clause "36.0".
B90: Payment (A31 - A35)
A92: 31 | B92: Interim payment (clause 31) F:............................. V:............................ T:............................ | C92: Item | D92: 1
B94: Sub-clause 31.9 is amended by replacing the term of "seven (7) calendar days" in the first line with the term of "thirty (30) calendar days” Sub-clause 31.12 is amended by deleting the scentence: "Payment shall be subject to the employer giving the contractor a tax invoice for the amount due.”
B98: CARRIED FORWARD | F98: =SUM(F53:F97) -> 0
B99: BROUGHT FORWARD | F99: =F98 -> 0
A101: 32 | B101: Adjustment to the contract value (clause 32) F:............................. V:............................ T:............................ | C101: Item | D101: 1
A103: 33 | B103: Recovery of expense and loss (clause 33) F:............................. V:............................ T:............................ | C103: Item | D103: 1
A105: 34 | B105: Final account and final payment (clause 34)F:............................. V:............................ T:............................ | C105: Item | D105: 1
B107: Sub-clause 34.13 is amended by deleting the words “subject to the employer giving the contractor a tax invoice for the amount due”
A109: 35 | B109: Payment to other parties (clause 35) F:............................. V:............................ T:............................ | C109: Item | D109: 1
B111: Cancellation (A36-A39)
A113: 36 | B113: Cancellation by employer - contractor's default (clause 36) F:............................. V:............................ T:............................ | C113: Item | D113: 1
A115: 37 | B115: Cancellation by employer - loss and damage (clause 37) F:............................. V:............................ T:............................ | C115: Item | D115: 1
A117: 38 | B117: Cancellation by contractor - employer's default (clause 38) F:............................. V:............................ T:............................ | C117: Item | D117: 1
A119: 39 | B119: Cancellation - cessation of the works (clause 39) F:............................. V:............................ T:............................ | C119: Item | D119: 1
B121: Dispute (A40)
A123: 40 | B123: Settlement of Disputes (clause 40) F:............................. V:............................ T:............................ | C123: Item | D123: 1
B125: SUBSTITUTE PROVISIONS
B127: State Clauses (A41)
A129: 41 | B129: Clause 41.0 F:............................. V:............................ T:............................ | C129: Item | D129: 1
B132: CONTRACT VARIABLES
A134: 42 | B134: THE SCHEDULE (C1.2: CONTRACT DATA) (clause 42) F:............................. V:............................ T:............................ | C134: Item | D134: 1
B136: Tenderers are referred to document C1.2: Contract Data (Volume 3) for variables pertaining to this contract
B138: THE SCHEDULE
A140: 43 | B140: Post-tender Provisions (clause 41) F:............................. V:............................ T:............................ | C140: Item | D140: 1
A142: 44 | B142: Contractual Agreement (clause 42) F:............................. V:............................ T:............................ | C142: Item | D142: 1
B144: SECTION B: PRELIMINARIES
B146: Definition and interpretation (B1)
A148: 45 | B148: Definition and interpretation (B1.1 - B1.4.6) F:............................. V:............................ T:............................ | C148: Item | D148: 1
B151: CARRIED FORWARD | F151: =SUM(F99:F150) -> 0
B152: BROUGHT FORWARD | F152: =F151 -> 0
B154: See also clause A1.0 of Section A for additional and/or amended definitions which shall apply equally to this Section
B156: Documents (B2)
A158: 46 | B158: Checking of documents (B2.1)F:............................. V:............................ T:............................ | C158: Item | D158: 1
A160: 47 | B160: Provisional bills of quantities (B2.2)F:............................. V:............................ T:............................ | C160: Item | D160: 1
A162: 48 | B162: Availability of construction documentation (B2.3) F:............................. V:............................ T:............................ | C162: Item | D162: 1
A164: 49 | B164: Interests of agents (B2.4)F:............N/A................. V:............N/A................ T:..............N/A.............. | C164: Item | D164: 1
A166: 50 | B166: Priced documents (B2.5)F:............................. V:............................ T:............................ | C166: Item | D166: 1
A168: 51 | B168: Tender submission (B2.6)F:............................. V:............................ T:............................ | C168: Item | D168: 1
B170: Clause 2.6 is amended by replacing “JBCC Form of Tender” with “Form of Offer and Acceptance (C1.1)”
B172: THE SITE
A174: 52 | B174: Defined works area (B3.1)F:............................. V:............................ T:............................ | C174: Item | D174: 1
A176: 53 | B176: Geotechnical investigation (B3.2)F:............................. V:............................ T:............................ | C176: Item | D176: 1
A178: 54 | B178: Inspection of the site (B3.3)F:............................. V:............................ T:............................ | C178: Item | D178: 1
B180: Tenderers shall complete the Tender briefing meeting attendance certificate (where applicable) and return the same with the tender submission. Tenderers are encouraged to inspect the site as they deem necessary.
A182: 55 | B182: Existing premises occupied (B3.4)F:............................. V:............................ T:............................ | C182: Item | D182: 1
A184: 56 | B184: Previous work - dimensional accuracy (B3.5)F:............N/A................. V:.............N/A............... T:.........N/A................... | C184: Item | D184: 1
A186: 57 | B186: Previous work - defects (B3.6)F:..........N/A................... V:..........N/A.................. T:...........N/A................. | C186: Item | D186: 1
A188: 58 | B188: Services - known (B3.7)F:............................. V:............................ T:............................ | C188: Item | D188: 1
A190: 59 | B190: Services - unknown (B3.8)F:............................. V:............................ T:............................ | C190: Item | D190: 1
A192: 60 | B192: Protection of trees etc (B3.9)F:............................. V:............................ T:............................ | C192: Item | D192: 1
A194: 61 | B194: Articles of value (B3.10)F:............................. V:............................ T:............................ | C194: Item | D194: 1
B198: CARRIED FORWARD | F198: =SUM(F152:F197) -> 0
B199: BROUGHT FORWARD | F199: =F198 -> 0
A201: 62 | B201: Inspection of adjoining properties etc (B3.11)F:............................. V:............................ T:............................ | C201: Item | D201: 1
B203: Management of contract (B4)
A205: 63 | B205: Management of the works (B4.1)F:............................. V:............................ T:............................ | C205: Item | D205: 1
...

Sheet 2 - BUILDING WKS
A1: ITEM NO | B1: DESCRIPTION | C1: UNIT | D1: QTY | E1: RATE | F1: AMOUNT
B2: SECTION NO. 2: BUILDING WORKS
B4: BILL NO. 1
B6: DEMOLITIONS AND ALTERATIONS
B8: Site inspection
B10: a). Contractors are required to inspect the site and acquaint themselves with all aspects of the works to be executed under this contract prior to the submission of their tender. No claim whatsoever will be entertained in the event of any unforeseen difficulties arising during the execution of the contract that could have been foreseen by a thorough investigation of the site, drawings and specifications.
B12: General
B14: a). The contractor shall carry out the whole of the The Works with as little mess and noise as possible and with a minimum of disturbance to adjoining premises and their tenants/occupants. He/She shall provide proper protection and provide, erect and maintain in position proper temporary tarpaulins that may be necessary to protect existing fixtures, fittings and furniture during the progress of the works and remove on completion or when directed, all to the satisfaction of the Project Manager.
B16: b). Water supply pipes and other piping that may be encountered and found necessary to disconnect or cut, shall be effectually stopped off or grubbed up and removed, and any new connections that may be necessary shall be made with proper fittings, to the satisfaction of the Project Manager.
B18: c). Prices for taking out and removing doors and frames shall include for removing door stops, cabin hooks, etc. and making good floor and wall finishes to match existing.
B20: d). With regards to building up of openings in existing walls, cement screeds and paving, granolithic, tops of walls, etc. shall be levelled and prepared for raising of bricwork.
B22: e). Making good finishes shall include making good of the brick and concrete surfaces onto which the new finishes are applied, where necessary
B24: f). The contractor will be required to take all dimensions affecting the existing buildings on the site and he will be held solely responsible for the accuracy of all such dimensions where used in the manufacture of new items (Doors, windows, fittings, etc)
... B30: Breaking down and removing brickwork etc.
A32: 1 | B32: Half brick wall | C32: m² | D32: =24+5 -> 29 | F32: =D32*E32 -> 0
A34: 2 | B34: One brick wall | C34: m² | D34: 9
A36: 3 | B36: Timber single door and steel frame not exceeding 2,5m² | C36: No | D36: 2
B39: CARRIED FORWARD | F39: =SUM(F2:F38) -> 0
B40: BROUGHT FORWARD | F40: =F39 -> 0
A42: 4 | B42: Glazed aluminium curtain wall size 18 021 x 4 000mm high. | C42: No | D42: 1
A44: 5 | B44: Glazed aluminium curtain wall size 5 270 x 4 000mm high. | C44: No | D44: 1
A46: 6 | B46: Glazed aluminium curtain wall size 2 620 x 4 000mm high. | C46: No | D46: 1
A48: 7 | B48: Suspended ceiling tiles including suspension grid, hangers, etc | C48: m² | D48: 266
A50: 8 | B50: Drywall partitioning 3200mm high including doors, ironmongery, glazed borrowed lights, etc | C50: m | D50: 56
B52: Hacking up/off and removing floor tiles and wall finishers including removing mortar bed or backing and preparing concrete or brick surfaces for new screed, plaster or tile finishers
A54: 9 | B54: Tiles to floors | C54: m² | D54: 266
A56: 10 | B56: Tiles to walls | C56: m² | D56: 13
B58: Taking out and removing glass and mirrors
A60: 11 | B60: Mirror not exceeding 1m² from wall | C60: No | D60: =2+1 -> 3
B62: Taking out and removing piping, sanitary fittings, etc, including cutting off as necessary, disconnecting piping from fittings and making good floor and wall finishes (making good tiling and paintwork elsewhere)
A64: 12 | B64: Toilet roller holder stainless steel | C64: No | D64: 2 | F64: =D64*E64 -> 0
A66: 13 | B66: Water closet suite complete | C66: No | D66: 2
A68: 14 | B68: Wash Hand Basins complete | C68: No | D68: 2 | F68: =D68*E68 -> 0
A70: 15 | B70: Wall mounted fire hose reel | C70: No | D70: 1
A72: 16 | B72: 15mm pipe including fittings etc | C72: m | D72: 16
A74: 17 | B74: 22mm pipe including fittings etc | C74: m | D74: 5
A76: 18 | B76: 50mm Pipes including fittings, pipe supports etc | C76: m | D76: 5 | F76: =D76*E76 -> 0
A78: 19 | B78: 110mm Pipes including fittings, pipe supports etc | C78: m | D78: 3
B80: CUTTING THROUGH FLOORS AND CEILINGS
A82: 20 | B82: Cutting through 100mm thick concrete surface bed for 460mm wide concrete wall footing including making good concrete on both sides of new half brick wall. | C82: m | D82: 16
A84: 21 | B84: Cutting through 100mm thick concrete surface bed for 700mm wide concrete wall footing including making good concrete on both sides of new one brick wall. | C84: m | D84: 6
A86: 22 | B86: Cutting through gypsum ceiling and brandering for half brick wall including making good on both sides of wall (new cornices elsewhere) | C86: m | D86: 6
A88: 23 | B88: Cutting through gypsum ceiling and brandering for one brick wall including making good on both sides of wall (new cornices elsewhere) | C88: m | D88: 6
A90: 24 | B90: Cutting through suspended ceiling and steel grid for half brick wall including making good on both sides of wall | C90: m | D90: 10
B92: CARRIED FORWARD | F92: =SUM(F40:F91) -> 0
B93: BROUGHT FORWARD | F93: =F92 -> 0
A95: 25 | B95: Cutting through suspended ceiling and steel grid for one brick wall including making good on both sides of wall | C95: m | D95: 6
B97: MAKING GOOD OF FINISHES ETC.
B99: Making good of finishes etc.
A101: 26 | B101: Making good brickwork at ends of half brick wall | C101: m | D101: 3
B103: Making good internal cement plaster.
A105: 27 | B105: Walls in patches | C105: m² | D105: 4
B108: BILL NO.1 TOTAL | F108: =SUM(F93:F107) -> 0
B109: SECTION NO. 2: BUILDING WORKS
B111: BILL NO. 2
B113: EARTHWORKS (PROVISIONAL)
B115: SUPPLEMENTARY PREAMBLES
B117: Nature of ground
B119: Use "assumed to be" if no trial holes, soils investigations, etc have been carried out - discuss with engineer. Use "Trial holes indicate that" where the ground has been investigated by means of trial holes
B121: Nature of ground
B123: A soils investigation has been carried out on site by the engineer and the report is annexed to these bills of quantities. Descriptions of excavations shall be deemed to include all ground conditions classifiable as "earth" described in the above report and where conditions of a more difficult character are indicated these are separately measured
B125: Carting away of excavated material
B127: Descriptions of carting away of excavated material shall be deemed to include loading excavated material onto trucks directly from the excavations or, alternatively, from stock piles situated on the building site
B129: EXCAVATION, FILLING, ETC
B131: Excavation in earth not exceeding 2m deep:
A133: 1 | B133: Previously compacted material | C133: m³ | D133: =3+10 -> 13
B135: Extra over trench and hole excavations in earth for excavation in:
B137: Extra over all excavations for carting away:
A139: 2 | B139: Surplus material from excavations and/or stock piles on site to a dumping site to be located by the contractor. | C139: m³ | D139: =3+6 -> 9
B141: Risk of collapse of excavations:
A143: 3 | B143: Sides of trench and hole excavations not exceeding 1,5m deep. | C143: m² | D143: =9+13 -> 22
B145: Keeping excavations free of water:
A147: 4 | B147: Keeping excavations free of all water other than subterranean water | C147: Item | D147: 1
B149: EARTH FILLING, ETC.
B151: Earth filling of G5 quality material supplied by the contractor compacted to 95% Mod AASHTO density:
A153: 5 | B153: Under floors, steps, pavings, etc. | C153: m³ | D153: =2+4 -> 6
B155: Compaction of surfaces:
A157: 6 | B157: Compaction of ground surface under floors etc including scarifying for a depth of 150mm, breaking down oversize material, adding suitable material where necessary and compacting to 93% Mod AASHTO density. | C157: m² | D157: =4+7 -> 11
B160: CARRIED FORWARD | F160: =SUM(F123:F159) -> 0
B161: BROUGHT FORWARD | F161: =F160 -> 0
B163: SOIL POISONING
B165: Soil insecticide
A167: 7 | B167: Under floors, etc including forming and poisoning shallow furrows against foundation walls, etc and filling in furrows and ramming | C167: m² | D167: =4+7 -> 11
A169: 8 | B169: To bottoms and sides of trenches, etc | C169: m² | D169: =9+13 -> 22 | F169: =D169*E169 -> 0
B172: BILL NO.2 TOTAL | F172: =SUM(F161:F171) -> 0
B173: SECTION NO. 2: BUILDING WORKS
B175: BILL NO. 3
B177: CONCRETE, FORMWORK AND REINFORCEMENT
B179: SUPPLEMENTARY PREAMBLES
B181: Cost of tests
B183: The costs of making, storing and testing of concrete test cubes as required under clause 7 "Tests" of SABS 1200 G shall include the cost of providing cube moulds necessary for the purpose, for testing costs and for submitting reports on the tests to the architect. The testing shall be undertaken by an independent firm or institution nominated by the contractor to the approval of the architect. (Test cubes are measured separately)
B185: Breeze concrete shall consist of twelve parts clean dry furnace ash, free from coal or other foreign matter, to one part cement (12:1), the ash graded up to particles which will pass a 16,5mm ring from a minimum which fails to pass a 4,75mm mesh. The finer materials from the screening are to be first mixed with the cement into a mortar and the ash added afterwards and thoroughly incorporated
B187: Formwork
B189: Description of formwork shall be deemed to include use and waste only (except where described as "left in" or "permanent"), for fitting together in the required forms, wedging, plumbing and fixing to true angles and surfaces as necessary to ensure easy release during stripping and for reconditioning as necessary before re-use
B191: The vertical strutting shall be carried down to such construction as is sufficiently strong to afford the required support without damage and shall remain in position until the newly constructed work is able to support itself.
B193: Formworks to soffits of solid etc shall be deemed to be slabs not exceeding 250mm thick unless otherwise described
B195: Formwork to sides of bases, pile caps, ground beams, etc will only be measured where it is prescribed by the engineer for design reasons. Formwork necessitated by irregularity or collapse of excavated faces will not be measured and the cost thereof shall be deemed to be included in the allowance for taking the risk of collapse of the sides of the excavations, provision for which is made in "Earthworks"
... B199: 25MPa/20mm concrete:
A201: 1 | B201: Strip footings | C201: m³ | D201: =1+2 -> 3
B203: REINFORCED CONCRETE
...

Sheet SECTION 02 SUMMARY
B1: SECTION 02 SUMMARY - BUILDING WORKS
A3: 1 | B3: DEMOLITIONS AND ALTERATIONS | C3: ='2 - BUILDING WKS'!F108 -> 0
A5: 2 | B5: EARTHWORKS | C5: ='2 - BUILDING WKS'!F172 -> 0
A7: 3 | B7: CONCRETE, FORMWORK AND REINFORCEMENT | C7: ='2 - BUILDING WKS'!F217 -> 0
A9: 4 | B9: MASONRY | C9: ='2 - BUILDING WKS'!F266 -> 0
A11: 5 | B11: WATERPROOFING | C11: ='2 - BUILDING WKS'!F295 -> 0
A13: 6 | B13: CARPENTRY AND JOINERY | C13: ='2 - BUILDING WKS'!F331 -> 0
A15: 7 | B15: CEILINGS, PARTITIONS AND ACCESS FLOORING | C15: ='2 - BUILDING WKS'!F397 -> 0
A17: 8 | B17: IRONMONGERY | C17: ='2 - BUILDING WKS'!F454 -> 0
A19: 9 | B19: METALWORK | C19: ='2 - BUILDING WKS'!F515 -> 0
A21: 10 | B21: PLASTERING | C21: ='2 - BUILDING WKS'!F551 -> 0
A23: 11 | B23: TILING | C23: ='2 - BUILDING WKS'!F591 -> 0
A25: 12 | B25: PLUMBING AND DRAINAGE | C25: ='2 - BUILDING WKS'!F848 -> 0
A27: 13 | B27: GLAZING | C27: ='2 - BUILDING WKS'!F868 -> 0
A29: 14 | B29: PAINTWORK | C29: ='2 - BUILDING WKS'!F948 -> 0
B38: SECTION NO.2 TOTAL | C38: =SUM(C3:C29) -> 0

Sheet 3 - ELEC
A1: ITEM NO | B1: DESCRIPTION | C1: UNIT | D1: QTY | E1: RATE | F1: AMOUNT
B3: SECTION NO. 3: ELECTRICAL WORKS
B5: BILL NO. 1
B7: GROUND FLOOR
B9: GROUND FLOOR POWER LAYOUT
B10: NEW POWERING SYSTEM DESCRIPTION
B11: DISTRIBUTION BOARD
A13: 1 | B13: 100A 3 PHASE/POLE CIRCUIT BREAKER | C13: No. | D13: 1 | F13: =D13*E13 -> 0
A14: 2 | B14: 2 POLE 60A 30MA EARTH LEAKAGE | C14: No. | D14: 3 | F14: =D14*E14 -> 0
A15: 3 | B15: 20A SINGLE POLE CIRCUIT BREAKER | C15: No. | D15: 15 | F15: =D15*E15 -> 0
A16: 4 | B16: 25A SINGLE POLE CIRCUIT BREAKER | C16: No. | D16: 11 | F16: =D16*E16 -> 0
A17: 5 | B17: 10A SINGLE POLE CIRCUIT BREAKER | C17: No. | D17: 6 | F17: =D17*E17 -> 0
A18: 6 | B18: SINGLE POLE ISOLATOR | C18: No. | D18: 23 | F18: =D18*E18 -> 0
A19: 7 | B19: ELECTRIC HYDROBOILER | C19: No. | D19: 1 | F19: =D19*E19 -> 0
A20: 8 | B20: SINGLE LEVER SWITCH | C20: No. | D20: 25 | F20: =D20*E20 -> 0
A21: 9 | B21: SINGLE PLUG WITH EURO COMBINATION (SKIRTING MOUNTED) | C21: No. | D21: 40 | F21: =D21*E21 -> 0
A22: 10 | B22: SINGLE PLUG WITH EURO COMBINATION (WALL MOUNTED) | C22: No. | D22: 4 | F22: =D22*E22 -> 0
A23: 11 | B23: DOUBLE PLUGS FOR EMERGENCY BACKUP (SKIRTING MOUNTED) | C23: No. | D23: 19 | F23: =D23*E23 -> 0
A24: 12 | B24: DOUBLE PLUG WITH EURO COMBINATION (WALL MOUNTED) | C24: No. | D24: 2 | F24: =D24*E24 -> 0
... A35: 23 | B35: EQUAL OR SIMILAR APPROVED TO LEGRAND | C35: No. | D35: 2 | F35: =D35*E35 -> 0
B37: SUBTOTAL FOR MATERIALS | F37: =SUM(F13:F35) -> 0
B39: Allow for installation of all of the above | F39: =F37*0.35 -> 0
B44: BILL NO.1 TOTAL | F44: =SUM(F37:F39) -> 0
B46: BILL NO. 2
B48: EXISTING POWERING SYSTEM DESCRIPTION
B49: DISTRIBUTION BOARD
A50: 1 | B50: 20A SINGLE POLE CIRCUIT BREAKER | C50: No. | D50: 5
A51: 2 | B51: SINGLE POLE ISOLATOR | C51: No. | D51: 3
A52: 3 | B52: EXTRACTOR FAN | C52: No. | D52: 3
A53: 4 | B53: HAND DRYER | C53: No. | D53: 2
A54: 5 | B54: SINGLE PLUG WITH EURO COMBINATION | C54: No. | D54: 3
A55: 6 | B55: MOTION SENSOR | C55: No. | D55: 10
A56: 7 | B56: CEILING MOUNTED MOTION SENSOR | C56: No. | D56: 24
A57: 8 | B57: 300MM CABLE TRAY | C57: m | D57: 100
A58: 9 | B58: 10MM CABLE TRAY | C58: m | D58: 50
A59: 10 | B59: 20A SINGLE POLE CIRCUIT BREAKER | C59: No. | D59: 10
A60: 11 | B60: SINGLE LEVER SWITCH | C60: No. | D60: 25
A61: 12 | B61: CABLE TRACING | C61: days | D61: 10
B63: Automated gate
A65: 13 | B65: Supply, install, test, and commission one automated gate motors 1000kg , a complete access control system, remote controls, and all associated wiring, conduits, fittings, and accessories required for a fully operational system, including operator training. | C65: Item | D65: 2
B66: Supply, install, test, and commission one automated swing gate motors 750kg , replace old two swing arm with new arms , remote control, and all associated wiring, conduits, fittings, and accessories required for a fully operational system, including operator training. | C66: Item | D66: 1
B67: Lighting on parking
A69: 14 | B69: Parking lot Sport lighting 100w (LED fitting, pole where required, cabling, foundation, installation, and commissioning) | C69: each | D69: 8
B70: supply and install electric fence an 8-wire wall top full kit perimeter 150m | C70: m | D70: 150
B72: SUBTOTAL FOR MATERIALS
B74: Allow for installation of all of the above | F74: =F72*0.35 -> 0
B76: BILL NO.2 TOTAL | F76: =SUM(F72:F74) -> 0
B81: SECTION 3 - SUMMARY OF ELECTRICAL WORKS
A84: BILL NO. | B84: DESCRIPTION | F84: AMOUNT
A86: 1 | B86: NEW POWERING SYSTEM | F86: =F44 -> 0
A88: 2 | B88: EXISTING POWERING SYSTEM | F88: =F76 -> 0
B90: SECTION NO. 3 TOTAL | F90: =SUM(F82:F88) -> 0

Sheet 4 - HVAC
A1: SECTION NO. 4: HVAC WORKS
A3: BILL NO. 1
A5: GROUND FLOOR
A7: GROUND FLOOR AIRCON REPORT
A8: LOCATION | B8: FINDINGS | C8: QTY | D8: BTU UNIT SIZES | E8: RATE | F8: AMOUNT
A9: A1&A2 | B9: ASSESS, REPAIR AND MAINTAIN THE AIRCON(GROUND FLOOR) | C9: 2 | D9: 12000BTU
A10: A3 | B10: ASSESS, REPAIR AND MAINTAIN THE AIRCON(GROUND FLOOR) | C10: 1 | D10: 18000BTU
A11: A4,A5,A6,A13,A17,A18,A19,A20,K4 | B11: ASSESS, REPAIR AND MAINTAIN THE AIRCON(GROUND FLOOR) | C11: 9 | D11: 9000BTU
A12: A7 | B12: ASSESS, REPAIR AND MAINTAIN THE AIRCON(GROUND FLOOR) | C12: 1 | D12: 24000BTU
A13: A8,A10,A16,A21 | B13: SERVICE THE AIRCON(GROUND FLOOR ) | C13: 4 | D13: 9000BTU
A14: A11,A12,A14,A34,A32,B3,A9,A15 | B14: INSTALL NEW AIRCON(NEW OFFICE AREA AND EXISTING AREA) | C14: 8 | D14: 9000BTU
A15: A22,A23,A33,A26,A27,A28,A29,A30,A31,A24,I1,K3,A25 | B15: NEW 3 SPLIT TYPE AIRCON(NEW OFFICE AREA) | C15: 5 | D15: 36000BTU
A16: B2 | B16: INSTALL NEW AIRCON 2 SPLIT CEILING MOUNTED(NEW OFFICE AREA) | C16: 1 | D16: 30000BTU
A17: B1 | B17: REPLACE AND INSTALL THE CEILING MOUNTED AIRCON(GROUND FLOOR) | C17: 1 | D17: 18000BTU
A18: D11,D3,D4,E1,D2,D1,D9,D6,D5,E2 | B18: NEW EXTRACTION FAN INSTALLATION(KITCHEN &TOILET) | C18: 10 | D18: 11WATT
A19: K1 | B19: REPLACE AND INSTALL THE CEILING MOUNTED AIRCON (WAITING AREA) | C19: 1 | D19: 30000BTU
B20: BILL NO.1 TOTAL | F20: =SUM(F8:F19) -> 0
A21: BILL NO. 2
A23: FIRST FLOOR
A25: FIRST FLOOR AIRCON REPORT
A26: LOCATION | B26: FINDINGS | C26: QTY | D26: BTU UNIT SIZES | E26: RATE | F26: AMOUNT
A27: A1,A2,A3,A12,A11 | B27: SERVICE THE AIRCON AND INSTALL A NEW OUTDOOR UNIT, SECURE THE NEW OUTDOOR UNIT | C27: 5 | D27: 9000BTU
A28: A4,A10,A5 | B28: SERVICE THE AIRCON AND INSTALL A NEW OUTDOOR UNIT, SECURE THE NEW OUTDOOR UNIT | C28: 3 | D28: 12000BTU
A29: A6,A7,A8,A9,A13 | B29: SERVICE AIRCON AND SECURE THE NEW OUTDOOR UNIT | C29: 5 | D29: 9000BTU
A30: B1 | B30: INSTALL NEW AIRCON(KITCHEN AREA) | C30: 1 | D30: 36000BTU
A31: B2 | B31: INSTALL A 2-SPLIT UNIT CEILING MOUNTED AIRCON( OPEN SPACE) | C31: 1 | D31: 48000BTU
A32: B3,B4,B5 | B32: INSTALL A CASSET , CEILING MOUNTED AIRCON | C32: 3 | D32: 24000BTU
A33: D1,D2,D3,D5,D6,D6,D7,D10 | B33: INSTALLATION EXTRACTION FAN(KITCHEN & TOILET AREA) | C33: 7
A34: I1 | B34: INSTALL A CASSET , CEILING MOUNTED AIRCON | C34: 1 | D34: 30000BTU
B35: BILL NO.2 TOTAL
A38: BILL NO. 3
A40: PIPING, AND FITTINGS ETC
A42: LOCATION | B42: FINDINGS | C42: QTY | D42: UNIT SIZES | E42: RATE | F42: TOTAL PRICE
A43: 3.1 | B43: ALLOW THE AMOUNT R202,500.00 FOR COPPER PIPING AND INSTALLATION SOCKET KIT, GAS
B44: BILL NO.3 TOTAL | F44: =F43 -> 0
B50: SECTION 4 - SUMMARY OF HVAC INSTALLATIONS
A52: BILL NO. | B52: DESCRIPTION | F52: AMOUNT
A54: 1 | B54: GROUND FLOOR | F54: =F20 -> 0
A55: 2 | B55: FIRST FLOOR | F55: =F35 -> 0
A56: 3 | B56: PIPING, ETC | F56: =F44 -> 0
B57: SECTION NO. 4 TOTAL | F57: =SUM(F54:F56) -> 0

Sheet 5 - FIRE
A1: ITEM NO | B1: DESCRIPTION | C1: UNIT | D1: QTY | E1: RATE | F1: AMOUNT
B3: SECTION NO. 5: SMOKE SYSTEM
B5: BILL NO. 1
B7: SUPPLY AND INSTALL THE FOLLOWING:
A9: 1 | B9: PHOTOLUMINESCENT SIGN IN ALUMINIUM FRAME (MINIMUM 290MM HEIGHT) AND HANGERS, OR MOUNTING ACCESSORIES | C9: No. | D9: 50
A10: 2 | B10: SUPPLY SMOKE DETECTORS AND INSTALL PANELS WITH FIRE RESISTING OF PH 120 | C10: Lot | D10: 1
A11: 3 | B11: SMOKE CABLING (200m) WITH FIRE RESISTING PH120 | C11: m | D11: 200 | F11: =D11*E11 -> 0
A12: 4 | B12: SMOKE DETECTORS | C12: No. | D12: 90
A13: 5 | B13: ADDRESSABLE FIRE CONTROL PANEL | C13: No. | D13: 1 | F13: =D13*E13 -> 0
A14: 6 | B14: MANUAL CALL POINTS | C14: Lot | D14: 1 | F14: =D14*E14 -> 0
A15: 7 | B15: FIRE HYDRANT | C15: No. | D15: 1 | F15: =D15*E15 -> 0
A16: 8 | B16: SOUND BEACONS FROM 80DB UP TO 120 DB | C16: No. | D16: 12 | F16: =D16*E16 -> 0
A17: 9 | B17: SUPPLY OF 110mm Pipe | C17: m | D17: 80
B23: SECTION NO. 5 TOTAL | F23: =SUM(F8:F19) -> 0

Sheet 6 - PROVISIONAL SUMS
A1: ITEM NO | B1: DESCRIPTION | C1: UNIT | D1: RATE | E1: AMOUNT
B3: SECTION NO. 3: PROVISIONAL SUMS & BUDGETARY ALLOWANCES
B5: BILL NO. 1
B7: NOMINATED SUB-CONTRACTS
B9: The following Provisional Amounts are for work to be done by firms of specialists and will be regarded as Nominated Sub-contractors to the Contractor. The Contractor must obtain quotations from approved firms and submit them to the Agent/Representative for his approval
B11: CASH DISCOUNT
B13: No cash discount. All provisional sums are "NET".
B15: ATTENDANCE
B17: Without in any way limiting the meaning and interpretation, "general attendance" on sub-contractors shall include free of charge to the sub-contractor the following services for the purpose of the relative sub-contract works:
B19: 1) access to the site and to the places where the work is to be carried out,including the use of any temporary personnel hoists erected by the Contractor for his own use;
B21: 2) the provision of water and lighting and of single and/or three phase electric power to a position within 50 metres of the place where work is to be carried out, but excluding water, fuel and power for commissioning of the installation for which the Contractor shall be responsible;
B23: 3) the provision of an area for office accommodation, temporary workshops and for the storage of plant and materials;
B25: 4) the use of erected scaffolding belonging to the Contractor, in common with others having the like right whilst it so remains erected upon the site;
... B37: 10) making good in all trades and final cleaning down on completion.
B40: CARRIED FORWARD | E40: 0
B41: BROUGHT FORWARD | E41: =E40 -> 0
B43: The cost of fuel, power and water for the commissioning of plant shall be borne by the sub-contractor appointed for the relevant sub-contract works in terms of the conditions under which they have/are contract for the specialist work involved. The contractor shall allow opposite this item or under the relevant attendance items for the recovery of such costs via the installation of the necessary metres, etc.
B45: PROVISIONAL SUMS
B47: ELECTRONIC WORKS
A49: 1 | B49: Provide the amount of R273,500.00 for electronic works (access control, CCTV, public address, data installation, WiFi, PABX or other similar product) to be expended as the Agent/Representative may direct or deduct in whole or in part, if not required | C49: Item | D49: 1 | E49: 273500
A51: 2 | B51: Allow for Profit on cost if required | C51: % | E51: =E49*D51 -> 0
B54: FURNITURE
A56: 3 | B56: Provide the amount of R287,000.00 for furniture (chairs, desks, couches, benches, office features) to be expended as the Agent/Representative may direct or deduct in whole or in part, if not required | C56: Item | D56: 1 | E56: 287000
A58: 4 | B58: Allow for profit | C58: % | E58: =E56*D58 -> 0
B61: BUILT IN CUPBOARDS & MOVABLE CABINETS
A63: 5 | B63: Provide the amount of R270,200.00 for BICs and cabinets (office cupboards, kitchen cupboards and countertops, bathroom cupboards and countertops) to be expended as the Agent/Representative may direct or deduct in whole or in part, if not required | C63: Item | D63: 1 | E63: 270200
A65: 6 | B65: Allow for profit | C65: % | E65: =E63*D65 -> 0
B68: REPAIRS TO CARPORT
A70: 7 | B70: REPAIRS TO CARPORT
A72: 8 | B72: Provide the amount of R620 000, for alterations and design to the carport roof to be expended as the Agent/Representative may direct or deduct in whole or in part, if not required | C72: Item | D72: 1 | E72: 620000
A74: 9 | B74: Allow for Profit | C74: % | E74: =E72*D74 -> 0
B78: CARRIED FORWARD | E78: =SUM(E41:E75) -> 1450700
B79: BROUGHT FORWARD | E79: =E78 -> 1450700
B84: ASBESTOS CEMENT EXTERNAL ROOF FASCIA
A86: 10 | B86: Provide the amount of R1,200 000.00 for removing and replacing external asbestos cement roof fascia with new fibre cement fascia, to be expended as the Agent/Representative may direct or deduct in whole or in part, if not required | C86: Item | D86: 1 | E86: 1200000
A88: 11 | B88: Allow for profit | C88: % | E88: =E86*D88 -> 0
B91: BUDGETARY ALLOWANCES
B93: SUNDRY BUILDER'S WORK
A95: 12 | B95: Provide the amount of R20,000.00 for sundry builder's work to be expended as the Agent/Representative may direct or deduct in whole or in part, if not required | C95: Item | D95: 1 | E95: 20000
A96: 13 | B96: Allow for profit | C96: % | E96: =E94*D96 -> 0
B99: SIGNAGE
A101: 14 | B101: Provide the amount of R120,000.00 for signage (frosting, branding, etc) to be expended as the Agent/Representative may direct or deduct in whole or in part, if not required | C101: Item | D101: 1 | E101: 120000
A103: 15 | B103: Allow for Profit | C103: % | E103: =E86*D103 -> 0
A106: 16 | B106: Automated gate
B107: Provide the amount of R80,000.00 for Supply, install, test, and commission one automated gate motors, one boom gate, a complete access control system, infrared safety beams, remote controls, and all associated wiring, conduits, fittings, and accessories required for a fully operational system, including operator training. | C107: Item | D107: 1 | E107: 80000
A109: 17 | B109: Allow for profit | C109: % | E109: =E107*D109 -> 0
B112: SECTION NO.6 TOTAL | E112: =SUM(E79:E109) -> 2870700

Sheet 7 - FINAL SUMMARY
A2: PROJECT : LEGAL AID OFFICE REFURBISHMENT
A5: FINAL SUMMARY
F7: AMOUNT
F8: R
A10: SECTION 01: PRELIMINARIES AND GENERAL | F10: ='1 - Ps & Gs'!F613 -> 0
A12: SECTION 02: BUILDING WORKS | F12: ='SECTION 02 SUMMARY'!C38 -> 0
A14: SECTION 03: ELECTRICAL WORKS
A16: SECTION 04: HVAC
A18: SECTION 05: FIRE SYSTEM | F18: ='5 - FIRE'!F23 -> 0
A20: SECTION 06: PROVISIONAL SUMS & BUDGETARY ALLOWANCES | F20: ='6 - PROVISIONAL SUMS'!E112 -> 2870700
A23: SUBTOTAL 1
A25: Contingencies @ 5% | F25: =ROUND(F23*5%,2) -> 0
A28: SUBTOTAL 2 | F28: =F23+F25 -> 0
A30: Value added tax (VAT) @ 15% | F30: =ROUND(F28*15%,2) -> 0
A45: TOTAL CARRIED TO FORM OF OFFER | F45: =SUM(F28:F31) -> 0
